 Dungeon Crawl Stone Soup version 0.18-a0-1774-gce1f7b6 (webtiles) character file.

546 namelastname112 the Skirmisher (level 7, 30/62 HPs)
             Began as a Mottled Draconian Summoner on Apr 15, 2016.
             Quit the game on level 5 of the Dungeon.
             The game lasted 00:06:31 (4299 turns).

namelastname112 the Skirmisher (DrSu)               Turns: 4299, Time: 00:06:32

Health: 30/62      AC:  8    Str: 10    XL:     7   Next: 6%
Magic:  10/19      EV: 14    Int: 18    God:
Gold:   283        SH:  0    Dex: 11    Spells: 3 memorised, 4 levels left

rFire  . . .     SeeInvis .     p - +0 short sword
rCold  . . .     Gourm    .     (armour unavailable)
rNeg   . . .     Faith    .     (no shield)
rPois  .         Spirit   .     (helmet restricted)
rElec  .         Dismiss  .     l - +0 cloak
rCorr  .         Reflect  .     e - +0 pair of gloves
SustAt .         Harm     .     (no boots)
MR     .....     Rnd*Tele +     (no amulet)
Stlth  ++........               s - ring of magical power
                                u - ring of teleportation (curse)

@: not resistant to hostile enchantments, unstealthy
A: breathe sticky flame splash, unfitting armour, cold-blooded, AC +6
a: Breathe Sticky Flame


You were on level 5 of the Dungeon.
You were near starving.

You visited 2 branches of the dungeon, and saw 6 of its levels.

You collected 283 gold pieces.

Inventory:

Hand Weapons
 p - a +0 short sword (weapon)
Armour
 e - a +0 pair of gloves (worn)
 l - a +0 cloak (worn)
Jewellery
 s - a ring of magical power (right hand)
 u - a cursed ring of teleportation (left hand)
Scrolls
 c - 3 scrolls of fog {unknown}
 k - 3 scrolls of fear {unknown}
 m - 5 scrolls of identify {unknown}
 o - a scroll of random uselessness {unknown}
 r - a scroll of noise {unknown}
 v - a scroll of teleportation {unknown}
 w - 2 scrolls of enchant armour {unknown}
Potions
 d - 2 potions of mutation {unknown}
 g - a potion of haste {unknown}
 i - a potion of lignification {unknown}
 j - a potion of might {unknown}
 n - 3 potions of magic {unknown}
 q - a potion of resistance {unknown}
 t - 2 potions of curing {unknown}
 x - a potion of ambrosia {unknown}
 A - a potion of brilliance {unknown}
Books
 a - a book of Callings

   Spells                             Type                      Level
   a - Summon Small Mammal            Summoning                    1
   b - Call Imp                       Summoning                    2
   c - Call Canine Familiar           Summoning                    3
   d - Summon Guardian Golem          Hexes/Summoning              3
   e - Summon Lightning Spire         Summoning/Air                4
   f - Summon Ice Beast               Ice/Summoning                4
Comestibles
 b - 7 bread rations
 f - 2 beef jerkies
 h - 2 meat rations
 z - a slice of pizza


   Skills:
 + Level 5.7 Fighting
 + Level 5.0 Dodging
 - Level 1.7 Stealth
 - Level 2.0 Spellcasting
 - Level 4.0 Summonings


You had 4 spell levels left.
You knew the following spells:

 Your Spells              Type           Power        Failure   Level  Hunger
a - Call Imp              Summ           ###.....     6%          2    ###....
b - Call Canine Familiar  Summ           ###.....     12%         3    ###....
z - Summon Small Mammal   Summ           ###.         3%          1    #......


Dungeon Overview and Level Annotations

Branches:
Dungeon (5/15)             Temple (1/1) D:4

Altars:
Cheibriados
Dithmenos
Elyvilon
Kikubaaqudgha
Nemelex Xobeh
Okawaru
Pakellas
Qazlal
Ru
Sif Muna
Trog
Xom
Yredelemnul
The Shining One
Lugonu


Innate Abilities, Weirdness & Mutations

You can spit globs of burning liquid.
You can ignite nearby creatures when you spit burning liquid.
Your weird mottled scales are hard (AC +6).
Your body does not fit into most forms of armour.
You are cold-blooded and may be slowed by cold attacks.


Message History

George's ghost barely misses your white imp.
Your white imp hits George's ghost but does no damage.
George's ghost closely misses your white imp.
Your white imp hits George's ghost.
Your white imp freezes George's ghost.
George's ghost closely misses your white imp.
Your white imp gestures at George's ghost.
The puff of frost hits George's ghost.
George's ghost is destroyed!
Your Fighting skill increases to level 5!
Your Dodging skill increases to level 5!
You have reached level 7!
Your scales start taking on a weird mottled colour.
You learn Fire Magic quicker.
You can spit globs of burning liquid.
You can ignite nearby creatures when you spit burning liquid.
You regained 3 hp, and now have 25/62 hp.
You start resting.
You are near starving!
You regained 4 hp, and now have 30/62 hp.
You regained 3 mp, and now have 10/19 mp.
Are you sure you want to abandon this character and quit the game? (Confirm with "yes".)

#####.# #.# #.# #.#
#.###.#####..##
#####.######(##..........
.................#####..#
#######..###.#......# ..#
#........# #....###.##..#
#.#####..# #.###.##.....#
#.# #..# #.# #.......###
#.# #..###.###@##......#
#.# #....)...5###.####.#
#.#####..######## #.#
#........# #.# #.##.###.#
#.# #.##.# #.# #.# #.##.#
#.# #.# #.# #.##.###.#
#.# #.# #.# ..#... ..#
#.# #.# #.#


You could see a friendly white imp.

Vanquished Creatures
  A hound skeleton (D:4)
  4 adders
  2 worms
  2 dart slugs
  3 giant geckos
  2 orcs
  3 bats
  5 goblins
  5 hobgoblins
  A quokka (D:3)
  2 kobolds (D:1)
  A quokka zombie (D:5)
  6 rats
37 creatures vanquished.

Vanquished Creatures (collateral kills)
  The ghost of George the Shield-Bearer, a novice FoFi (D:5)
  A giant frog (D:5)
  A centaur skeleton (D:5)
  2 orc priests
  A giant frog skeleton (D:4)
  An orc wizard (D:4)
  Terence (D:2)
  A worker ant (D:4)
  3 gnolls (D:5)
  6 adders
  2 giant cockroaches (D:2)
  4 hobgoblins (D:1)
  A quokka (D:5)
  A bat (D:2)
  A giant newt (D:2)
  3 goblins (D:1)
  5 kobolds
  3 rats
38 creatures vanquished.

Grand Total: 75 creatures vanquished

Notes
Turn   | Place    | Note
--------------------------------------------------------------
     0 | D:1      | namelastname112 the Draconian Summoner began the quest for the Orb.
     0 | D:1      | Reached XP level 1. HP: 14/14 MP: 3/3
   337 | D:1      | Reached skill level 1 in Fighting
   337 | D:1      | Reached XP level 2. HP: 23/23 MP: 1/5
   348 | D:1      | Learned a level 2 spell: Call Imp
   729 | D:1      | Reached XP level 3. HP: 16/29 MP: 6/6
   734 | D:1      | Learned a level 3 spell: Call Canine Familiar
  1003 | D:2      | Noticed Terence
  1021 | D:2      | Killed Terence
  1377 | D:2      | Reached XP level 4. HP: 30/38 MP: 0/7
  2523 | D:4      | Found a sacrificial altar of Ru.
  2524 | D:4      | Found an ancient bone altar of Kikubaaqudgha.
  2575 | D:4      | Reached XP level 5. HP: 43/46 MP: 2/8
  2902 | D:4      | Found a staircase to the Ecumenical Temple.
  2940 | Temple   | Entered the Ecumenical Temple
  3454 | D:5      | Entered Level 5 of the Dungeon
  3869 | D:5      | Found a shimmering altar of Xom.
  3895 | D:5      | Reached XP level 6. HP: 36/53 MP: 9/9
  3958 | D:5      | Found a basalt altar of Yredelemnul.
  4016 | D:5      | Found a white marble altar of Elyvilon.
  4161 | D:5      | Noticed George's ghost (novice FoFi)
  4276 | D:5      | Killed George's ghost
  4276 | D:5      | Reached skill level 5 in Fighting
  4276 | D:5      | Reached skill level 5 in Dodging
  4276 | D:5      | Your scales start taking on a weird mottled colour.
  4276 | D:5      | Reached XP level 7. HP: 25/62 MP: 7/10
  4299 | D:5      | Quit the game

Vault maps used:
D:1:      dpeg_arrival_water_fire
D:2:      uniq_terence
D:3:      first_bread
D:4:      gammafunk_temple_overflow_statue, minmay_temple_entry_crystal_x
D:5:      kennysheep_ying_yang, xom_teletrap_fun
Temple:   corrupted_temple

Skill      XL: |  1  2  3  4  5  6 |
---------------+-------------------+-----
Dodging        | 2 3 4 5 |  5.0
Fighting       | 1 2 3 4 5 |  5.7
Stealth        | |  1.7
Spellcasting   | |  2.0
Summonings     | |  4.0

Action                   |  1- 3 |  4- 6 |  7- 9 || total
-------------------------+-------+-------+-------++-------
Melee: Unarmed           |   139 |       |       ||   139
       Tailslap          |    12 |    11 |       ||    23
       Short sword       |       |   159 |       ||   159
 Cast: Summon Small Mamm |     6 |       |       ||     6
       Call Imp          |    16 |    38 |       ||    54
       Call Canine Famil |       |     6 |       ||     6
 Stab: Distracted        |     2 |     2 |       ||     4
       Sleeping          |     1 |     3 |       ||     4
  Eat: Chunk             |     3 |     6 |       ||     9
       Meat ration       |       |     1 |       ||     1
Armor: Skin              |    40 |    56 |       ||    96
Dodge: Dodged            |   108 |   126 |       ||   234
